 Dungeon Crawl Stone Soup version 0.29.0-5-ge4962eb29e (webtiles) character file.

Game seed: 8701584713373934429

3592 Flugkiller the Cleaver (level 9, -17/72 (81) HPs)
             Began as a Minotaur Fighter on Aug 28, 2022.
             Was an Elder of Cheibriados.
             Demolished by a two-headed ogre
             ... wielding a +0 giant spiked club
              (23 damage)
             ... on level 8 of the Dungeon.
             The game lasted 00:03:15 (6586 turns).

Flugkiller the Cleaver (Minotaur Fighter)           Turns: 6586, Time: 00:03:15

HP:   -17/72 (81)   AC:  9    Str: 30    XL:     9   Next: 85%
MP:   12/12         EV: 13    Int: 15    God:    Cheibriados [****..]
Gold: 281           SH:  6    Dex: 25    Spells: 8/8 levels left

rFire   + . .      SeeInvis .   a - +0 war axe
rCold   . . .      Faith    .   c - +0 buckler
rNeg    . . .      Spirit   .   b - +0 scale mail
rPois   .          Reflect  .   (helmet restricted)
rElec   .          Harm     .   s - +0 cloak
rCorr   .          Rampage  .   (no gloves)
Will    .....                   (no boots)
Stlth   +.........              e - amulet of regeneration
HPRegen 1.02/turn               f - ring of protection from fire
MPRegen 0.13/turn               (no ring)

@: heavily drained, very slow
A: horns 2, retaliatory headbutt
a: Renounce Religion, Bend Time, Temporal Distortion, Slouch


You were on level 8 of the Dungeon.
You worshipped Cheibriados.
Cheibriados was greatly pleased with you.
You visited 1 branch of the dungeon, and saw 8 of its levels.

You collected 281 gold pieces.

Inventory:

Hand Weapons
 a - a +0 war axe (weapon)
 q - a +0 battleaxe
   (You found it on level 6 of the Dungeon)
Armour
 b - a +0 scale mail (worn)
 c - a +0 buckler (worn)
 j - a scarf of harm
   (You found it on level 1 of the Dungeon)
 s - a +0 cloak (worn)
   (You took it off Crazy Yiuf on level 2 of the Dungeon)
Jewellery
 e - an amulet of regeneration (around neck)
   (You found it on level 2 of the Dungeon)
 f - a ring of protection from fire (left hand)
   (You found it on level 4 of the Dungeon)
Wands
 v - a wand of roots (10)
   (You found it on level 4 of the Dungeon)
Scrolls
 g - 3 scrolls of fog
 h - 2 scrolls of vulnerability
 k - 2 scrolls of enchant armour
 l - 2 scrolls of magic mapping
 r - 2 scrolls of identify
 t - 2 scrolls of teleportation
 u - a scroll of poison
 w - 2 scrolls of fear
 x - a scroll of immolation
 z - a scroll of blinking
Potions
 d - a potion of might
 i - 4 potions of mutation
 m - a potion of cancellation
 n - a potion of magic {unknown}
 o - 2 potions of haste {unknown}
 p - 2 potions of brilliance {unknown}
 y - a potion of heal wounds {unknown}
 A - a potion of flight {unknown}
 B - a potion of curing {unknown}


   Skills:
 + Level 8.1 Fighting
 * Level 10.5 Axes
 + Level 8.1 Armour
 * Level 4.6 Dodging
 - Level 3.6 Shields
 + Level 5.7 Invocations


You had 8 spell levels left.
You didn't know any spells.
Your spell library was empty.

Dungeon Overview and Level Annotations

Branches:
Dungeon (8/15)             Temple (0/1) D:7
   Lair: D:8-11

Altars:
Ashenzari
Cheibriados
Kikubaaqudgha
Makhleb
Nemelex Xobeh
Okawaru
Ru
Uskayaw
The Shining One

Shops:
D:6 :

Annotations:
D:6 exclusion: 2 goblins


Innate Abilities, Weirdness & Mutations

You have a pair of horns on your head.
You reflexively headbutt those who attack you in melee.


Message History

The wight hits you from afar with a +0 spear!
You feel drained.
You are too injured to fight recklessly!
You are too injured to fight recklessly!
You are too injured to fight recklessly!
You are too injured to fight recklessly!
You are too injured to fight recklessly!
You are too injured to fight recklessly!
You are too injured to fight recklessly!
You are too injured to fight recklessly!
You are too injured to fight recklessly!
You are too injured to fight recklessly!
You are too injured to fight recklessly!
Unknown command.
You step out of the flow of time.
You return to the normal time flow.
You can no longer step out of the flow of time.
Cheibriados lowers the support of your attributes as your movement quickens.
You block the wight's attack.
Unknown command.
Unknown command.
Unknown command.
You slice the wight!!
You destroy the wight!
Cheibriados thoroughly appreciates the change of pace.
You start resting.
HP restored.
A wight is nearby!
A wight is nearby!
A wight is nearby!
You hit the wight.
The wight is lightly damaged.
The wight barely misses you.
You hit the wight.
You headbutt the wight, but do no damage.
The wight is lightly damaged.
The wight hits you from afar with a +5 halberd!
The wight hits you with a +3 dagger.
You slash the wight! You headbutt the wight!
You destroy the wight!
Cheibriados appreciates the change of pace.
You block the wight's attack. The wight hits you with a +5 halberd!
You feel drained. The wight hits you with a +5 halberd!
You feel drained.
You hit the wight. Your headbutt misses the wight.
The wight is moderately damaged.
You block the wight's attack.
You slash the wight!
You destroy the wight!
Cheibriados appreciates the change of pace.
No target in view!
No target in view!
No target in view!
No target in view!
No target in view!
No target in view!
There is a stone staircase leading down here.
Things that are here:
a +5 halberd; a +0 robe Magic restored.
k - 2 scrolls of enchant armour (gained 1)
Things that are here:
a +3 dagger; a +0 robe A shadow imp comes into view.
Items here: )) [[.
A shadow imp is nearby!
A shadow imp is nearby!
A shadow imp is nearby!
The shadow imp picks up a beetle and eats it.
The shadow imp hits you. The shadow imp completely misses you.
You furiously retaliate!
You headbutt the shadow imp, but do no damage.
You slash the shadow imp! You headbutt the shadow imp.
You kill the shadow imp!
Cheibriados thoroughly appreciates the change of pace.
No target in view!
No target in view!
No target in view!
No target in view!
No target in view!
No target in view!
A two-headed ogre comes into view.
It is wielding a +0 giant spiked club and a +0 giant club.
A two-headed ogre is nearby!
A two-headed ogre is nearby!
A two-headed ogre is nearby!
You block the two-headed ogre's attack.
The two-headed ogre hits you with a +0 giant club!
You slash the two-headed ogre! You headbutt the two-headed ogre!
The two-headed ogre is heavily wounded.
You block the two-headed ogre's attack.
The two-headed ogre hits you with a +0 giant club!!
You slash the two-headed ogre!
The two-headed ogre is severely wounded.
The two-headed ogre hits you with a +0 giant spiked club!!
The two-headed ogre hits you with a +0 giant club!!
* * * LOW HITPOINT WARNING * * *
You are too injured to fight recklessly!
You slash the two-headed ogre!
The two-headed ogre is almost dead.
The two-headed ogre hits you with a +0 giant spiked club!!
You die...

# .. #. #. .##.
###..... ....... #..#.#
.. #..#O## ..###<#..@##
..#.........##
.............#
...##.......##
#.........## #
..##......# .# ##
#..))..###.###########.
###.#..#...........)...
#.........###########


You could see a two-headed ogre.

Vanquished Creatures
  A hornet (D:8)
  3 yaks (D:8)
  Menkaure (D:4)
  A water moccasin (D:7)
  Duvessa (D:4)
  An ice beast (D:4)
  A black bear (D:6)
  A centaur (D:3)
  An ogre (D:5)
  A phantom (D:7)
  A kobold brigand (D:6)
  5 bullfrogs
  3 scorpions
  10 wights
  Dowan (D:4)
  5 killer bees (D:8)
  3 howler monkeys
  4 hounds
  Crazy Yiuf (D:2)
  6 orc priests
  A jelly (D:7)
  4 iguanas
  4 orc wizards
  9 adders
  A shadow imp (D:8)
  An ufetubus (D:5)
  A worm (D:2)
  2 dart slugs
  29 orcs
  5 bats
  4 endoplasms
  4 giant cockroaches
  3 goblins
  4 hobgoblins
  2 quokkas
  4 ball pythons
  2 frilled lizards
  8 kobolds
  2 rats
141 creatures vanquished.

Notes
Turn   | Place    | Note
-------+----------+-------------------------------------------
     0 | D:1      | Flugkiller the Minotaur Fighter began the quest for the
                  | Orb.
     0 | D:1      | Reached XP level 1. HP: 19/19 MP: 0/0
   379 | D:1      | Found a faded altar of an unknown god.
   674 | D:1      | Prayed at the altar of an unknown god.
   674 | D:1      | Became a worshipper of Cheibriados the Contemplative
   674 | D:1      | Reached * piety under Cheibriados
  1120 | D:2      | Reached skill level 3 in Axes
  1120 | D:2      | Reached XP level 2. HP: 27/27 MP: 1/1
  1229 | D:2      | Reached XP level 3. HP: 33/33 MP: 2/2
  1785 | D:2      | Identified the +0 ring mail of the Slightly Bent {+Inv}
  1793 | D:2      | Found a runed translucent door.
  1794 | D:2      | Noticed Crazy Yiuf
  1839 | D:2      | Killed Crazy Yiuf
  1840 | D:2      | Reached skill level 4 in Axes
  1840 | D:2      | Reached skill level 1 in Invocations
  1840 | D:2      | Reached XP level 4. HP: 27/41 MP: 3/3
  1966 | D:3      | Noticed a centaur
  1972 | D:3      | Killed a centaur
  1973 | D:3      | Reached XP level 5. HP: 30/47 MP: 3/5
  2041 | D:3      | Reached ** piety under Cheibriados
  2871 | D:4      | Noticed Menkaure
  2876 | D:4      | Killed Menkaure
  2877 | D:4      | Reached skill level 5 in Axes
  2877 | D:4      | Reached XP level 6. HP: 41/55 MP: 6/6
  2937 | D:4      | Reached skill level 5 in Fighting
  2937 | D:4      | Reached skill level 5 in Armour
  3013 | D:4      | Found a sparkling altar of Nemelex Xobeh.
  3246 | D:4      | Noticed an ice beast
  3255 | D:4      | Killed an ice beast
  3255 | D:4      | Reached *** piety under Cheibriados
  3256 | D:4      | Reached skill level 6 in Axes
  3256 | D:4      | Reached XP level 7. HP: 54/61 MP: 6/8
  3401 | D:4      | Noticed Duvessa
  3401 | D:4      | Noticed Dowan
  3408 | D:4      | Killed Dowan
  3412 | D:4      | Killed Duvessa
  3853 | D:5      | Entered Level 5 of the Dungeon
  3882 | D:5      | Reached skill level 7 in Axes
  3950 | D:5      | Reached XP level 8. HP: 61/70 MP: 9/9
  4217 | D:5      | Identified the +7 long sword "Iloe" {holy, rC+ Dex+7}
  4279 | D:5      | Reached **** piety under Cheibriados
  4313 | D:6      | Found Yvvuat's Vocational Training.
  4363 | D:6      | Reached skill level 8 in Axes
  4451 | D:6      | Found a snail-covered altar of Cheibriados.
  4707 | D:6      | Found an ancient bone altar of Kikubaaqudgha.
  4760 | D:6      | Identified the +2 ring mail of Punu {rElec MP+9 Dex+2}
  4789 | D:6      | Found an iron altar of Okawaru.
  4837 | D:6      | Reached skill level 9 in Axes
  4872 | D:6      | Reached skill level 1 in Dodging
  4933 | D:6      | Found a glowing golden altar of the Shining One.
  4975 | D:6      | Found a broken altar of Ashenzari.
  4976 | D:6      | Found a burning altar of Makhleb.
  5284 | D:7      | Reached XP level 9. HP: 79/79 MP: 11/11
  5302 | D:7      | Found a staircase to the Ecumenical Temple.
  5344 | D:7      | Reached skill level 5 in Invocations
  5474 | D:7      | Found a sacrificial altar of Ru.
  6041 | D:8      | Reached ***** piety under Cheibriados
  6080 | D:8      | Found a hide-covered altar of Uskayaw.
  6184 | D:8      | Paralysed by a hornet for 3 turns
  6188 | D:8      | Reached skill level 10 in Axes
  6581 | D:8      | Noticed a two-headed ogre
  6586 | D:8      | Demolished by a two-headed ogre

Illustrated notes

Levels and vault maps discovered:
D:1:      dpeg_arrival_water_temple_mockup, layout_basic,
          hellmonk_ecumenical_altar_pennies_from_heaven
D:2:      layout_basic, uniq_crazy_yiuf_cottage
D:3:      layout_basic, kennysheep_another_room
D:4:      dreamdust_elfheim, layout_cave_pods, general_overflow_altar,
          uniq_menkaure
D:5:      layout_rooms, nicolae_titane
D:6:      layout_gridville, mainiacjoe_overflow_24_doors,
          nicolae_overflow_squiral, kennysheep_slug_shrine,
          nicolae_tso_swordbearing_angel, kennysheep_okawaru_gauntlet,
          minmay_misc_feat_secret_circle, nicolae_shop_vocational
D:7:      layout_basic, lemuel_doored_altar, minmay_temple_entry_slanted
D:8:      layout_loops_ring, mainiacjoe_overflow_paths

Skill      XL: |  1  2  3  4  5  6  7  8  9 |
---------------+----------------------------+-----
Axes           | 3 4 5 6 7 9 10 | 10.5
Fighting       | 4 5 6 7 8 |  8.1
Armour         | 4 5 6 7 8 |  8.1
Invocations    | 1 2 3 4 5 |  5.7
Dodging        | 1 4 |  4.6
Shields        | |  3.6

Action                   |  1- 3 |  4- 6 |  7- 9 || total
-------------------------+-------+-------+-------++-------
Melee: War axe           |    46 |    74 |   204 ||   324
       Headbutt          |     7 |     9 |    43 ||    59
Invok: Step From Time    |       |       |     1 ||     1
  Use: Scroll            |       |       |    13 ||    13
Armor: Scale mail        |    14 |    31 |    71 ||   116
Dodge: Dodged            |    20 |    36 |    91 ||   147
Block: Buckler           |    12 |    14 |    68 ||    94
